Map: Eternal Empire LE

Players

PtitDrogo - Winner!

  • Race: Protoss Protoss
  • League: Grandmaster
  • Spawn Location: 1:00

Lambo

  • Race: Zerg Zerg
  • League: Master
  • Spawn Location: 7:00

Event: DreamHack SC2 Masters 2020 Fall

VOD

Have the link to the VOD?

Description

Time

  • Played on: Sept. 2, 2020, 2:52 p.m.
  • Length: 22:14

All games in this series

Show
View Real Time Build Order
Export as new Build Order

PtitDrogo Protoss - Winner!

Build Orders: 1 Gate Expand, Oracle Opening, Zealot Archon 

Get SALT Encoding   

  12  0:01  Probe  
  13  0:13  Probe  
  14  0:22  Pylon  
  14  0:26  Probe  
  15  0:40  Probe (Chrono Boost)  
  16  0:46  Gateway  
  16  0:49  Probe (Chrono Boost)  
  17  0:54  Probe (Chrono Boost)  
  18  0:57  Assimilator  
  18  1:06  Probe  
  19  1:18  Probe  
  20  1:30  Nexus  
  20  1:38  Cybernetics Core  
  20  1:42  Probe  
  21  1:48  Assimilator  
  22  1:54  Probe  
  22  1:57  Pylon  
  22  2:06  Probe  
  23  2:12  Adept (Chrono Boost)  
  23  2:15  Warp Gate  
  25  2:18  Probe  
  26  2:28  Stargate  
  26  2:30  Probe  
  26  2:33  Adept (Chrono Boost)  
  29  2:43  Probe (Chrono Boost)  
  31  2:48  Probe (Chrono Boost)  
  31  2:53  Probe (Chrono Boost)  
  31  2:56  Probe (Chrono Boost), Stalker  
  35  3:00  Probe  
  36  3:07  Probe  
  37  3:13  Oracle (Chrono Boost)  
  37  3:14  Probe  
  37  3:19  Probe  
  42  3:26  Probe  
  43  3:31  Probe  
  44  3:38  Probe  
  44  3:40  Gateway  
  45  3:43  Probe  
  45  3:47  Pylon  
  46  3:55  Nexus  
  46  3:58  Pylon  
  46  4:02  Oracle (Chrono Boost)  
  46  4:05  Probe x2  
  51  4:17  Probe x2  
  51  4:21  Assimilator  
  51  4:22  Assimilator  
  51  4:24  Void Ray (Chrono Boost)  
  53  4:29  Shield Battery  
  53  4:30  Robotics Facility  
  53  4:32  Probe x2  
  59  4:44  Probe x2  
  61  4:51  Twilight Council, Forge, Pylon  
  61  4:59  Probe (Chrono Boost)  
  63  5:07  Probe (Chrono Boost)  
  63  5:13  Probe (Chrono Boost)  
  64  5:14  Probe (Chrono Boost)  
  64  5:16  Probe (Chrono Boost)  
  67  5:24  Protoss Ground Weapons Level 1 (Chrono Boost), Probe (Chrono Boost)  
  67  5:25  Probe (Chrono Boost)  
  67  5:27  Observer, Probe (Chrono Boost)  
  67  5:28  Charge  
  70  5:32  Gateway  
  70  5:33  Gateway  
  73  5:36  Probe (Chrono Boost)  
  73  5:37  Assimilator, Probe (Chrono Boost)  
  73  5:38  Assimilator  
  73  5:39  Probe (Chrono Boost)  
  73  5:40  Sentry  
  73  5:41  Sentry  
  78  5:44  Pylon, Probe (Chrono Boost)  
  78  5:45  Probe (Chrono Boost)  
  78  5:47  Probe (Chrono Boost)  
  78  5:48  Probe (Chrono Boost)  
  80  5:53  Probe  
  82  5:57  Probe  
  82  6:00  Probe  
  82  6:02  Immortal, Pylon  
  88  6:05  Probe  
  88  6:06  Templar Archives  
  88  6:07  Gateway  
  88  6:09  Gateway, Probe  
  90  6:12  Probe  
  90  6:16  Pylon  
  90  6:17  Pylon  
  90  6:18  Probe  
  92  6:21  Probe  
  92  6:23  Gateway  
  93  6:26  Gateway  
  93  6:44  Gateway  
  93  6:45  High Templar x2, Gateway x2  
  93  6:46  High Templar x2  
  101  6:47  Pylon  
  101  6:51  Archon x2  
  97  7:03  Nexus  
  97  7:06  Pylon  
  97  7:11  Unknown, Probe x2  
  97  7:12  Immortal (Chrono Boost)  
  104  7:22  Probe  
  104  7:23  Probe  
  104  7:28  High Templar x4  
  113  7:31  Phoenix (Chrono Boost)  
  113  7:33  Photon Cannon x2  
  113  7:35  Shield Battery, Photon Cannon  
  113  7:36  Warp Prism (Chrono Boost), Photon Cannon  
  111  7:41  Photon Cannon  
  111  7:42  Pylon  
  111  7:43  Stalker x2  
  117  7:47  Shield Battery  
  117  7:52  Archon x2  
  117  7:56  Stalker x3  
  123  8:06  Stalker x4  
  123  8:09  Phoenix (Chrono Boost)  
  133  8:14  Probe  
  134  8:20  Pylon  
  134  8:21  Pylon  
  134  8:26  Gateway  
  134  8:33  Phoenix  
  136  8:37  Protoss Ground Weapons Level 2 (Chrono Boost), High Templar x2  
  136  8:38  Zealot x5  
  150  8:44  Archon  
  150  8:50  Gateway  
  150  8:59  Phoenix (Chrono Boost)  
  150  9:03  Probe  
  150  9:07  Fleet Beacon  
  150  9:09  Stargate  
  151  9:11  Stalker x4  
  159  9:18  Phoenix (Chrono Boost)  
  159  9:20  Probe  
  159  9:21  Shield Battery  
  160  9:26  Photon Cannon  
  160  9:27  Zealot  
  160  9:31  Protoss Air Weapons Level 1  
  162  9:34  Stargate  
  162  9:35  Pylon  
  162  9:36  Pylon  
  152  9:53  Pylon  
  152  9:58  Phoenix (Chrono Boost)  
  152  9:59  Phoenix (Chrono Boost)  
  153  10:06  Stalker x2  
  156  10:12  Pylon  
  151  10:20  Probe  
  137  10:23  Phoenix (Chrono Boost)  
  137  10:24  Phoenix (Chrono Boost)  
  137  10:29  Probe  
  137  10:34  Probe x3  
  134  10:41  Probe  
  135  10:43  Phoenix (Chrono Boost)  
  135  10:46  Probe x3  
  135  10:47  Anion Pulse-Crystals (Chrono Boost)  
  135  10:48  Phoenix (Chrono Boost)  
  142  10:50  Phoenix (Chrono Boost)  
  142  10:53  Probe  
  143  10:57  Phoenix (Chrono Boost)  
  143  10:58  Probe x3  
  143  11:00  Phoenix (Chrono Boost)  
  152  11:04  Phoenix (Chrono Boost)  
  152  11:05  Probe  
  152  11:06  Pylon  
  152  11:08  High Templar x2  
  152  11:09  Zealot x3  
  152  11:10  Probe  
  164  11:12  Pylon  
  164  11:14  Phoenix (Chrono Boost)  
  164  11:18  Pylon  
  166  11:19  Phoenix (Chrono Boost)  
  168  11:26  Phoenix (Chrono Boost)  
  168  11:31  Phoenix  
  170  11:33  Zealot x5  
  170  11:36  Phoenix  
  164  11:40  Archon  
  142  11:51  Zealot x4  
  140  11:54  Zealot x4  
  140  11:59  Zealot  
  139  12:16  High Templar x8  
  139  12:17  Probe  
  139  12:20  Zealot  
  139  12:21  Observer (Chrono Boost)  
  147  12:24  Archon x4  
  147  12:32  Protoss Ground Weapons Level 3 (Chrono Boost)  
  147  12:35  Probe x3  
  147  12:36  Probe  
  151  12:41  Sentry  
  153  12:47  Probe x2  
  155  12:55  Zealot x6  
  167  13:10  Zealot x3  
  141  13:17  Zealot x2, High Templar x4  
  141  13:18  Warp Prism  
  143  13:23  Archon x2  
  139  13:28  Photon Cannon  
  139  13:34  High Templar  
  139  13:35  High Templar x2  
  139  13:39  Archon  
  142  13:48  Stalker x2  
  141  13:55  Zealot x4  
  143  14:06  Psionic Storm  
  143  14:09  Probe  
  134  14:17  Zealot x4, High Templar x5  
  124  14:20  Archon  
  124  14:21  Archon  
  138  14:28  Nexus  
  138  14:30  Pylon  
  138  14:38  Pylon  
  138  14:40  Zealot  
  138  14:41  Zealot x3  
  145  14:49  Zealot x5  
  143  14:53  High Templar  
  143  14:54  High Templar  
  147  15:01  High Templar x2  
  150  15:10  Zealot  
  150  15:12  Probe  
  147  15:22  Zealot x6  
  152  15:31  Probe  
  152  15:34  Probe  
  148  15:40  Zealot x5  
  154  15:46  Stalker x2  
  158  15:50  Zealot x2  
  150  16:00  Probe  
  150  16:01  Probe x2  
  150  16:03  Observer (Chrono Boost)  
  148  16:08  High Templar x2  
  148  16:09  High Templar x4  
  160  16:13  Archon x2  
  160  16:16  Observer (Chrono Boost)  
  161  16:39  High Templar  
  155  16:40  Zealot x3, High Templar  
  155  16:41  Nexus  
  155  16:42  Pylon  
  155  16:44  Archon  
  157  16:52  Observer  
  146  16:55  Archon x2  
  146  16:58  Zealot x4  
  146  17:00  Probe  
  141  17:02  Probe  
  141  17:03  Probe  
  138  17:09  Tempest (Chrono Boost)  
  141  17:18  Photon Cannon  
  141  17:22  Zealot x3  
  141  17:27  Zealot  
  141  17:28  Zealot x5  
  149  17:36  Tempest (Chrono Boost)  
  151  17:42  Zealot x2  
  139  18:02  Tempest (Chrono Boost)  
  139  18:18  Tempest  
  131  18:43  Nexus  
  131  18:44  Tempest  
  136  18:51  Observer  
  134  19:17  Tempest  
  125  19:34  Nexus  
  125  19:45  Nexus  
  125  20:01  Pylon  
  125  20:02  Zealot x8  
  141  20:16  Pylon  
  141  20:37  Photon Cannon  
  141  20:40  Assimilator  
  141  20:41  High Templar  
  143  20:43  Zealot x3  
  143  20:44  Assimilator  
  147  20:53  Shield Battery x2  
  147  20:59  Probe x5  
  152  21:11  Probe x2  
  141  21:23  Zealot x4  
  141  21:24  Zealot x4  
  147  21:33  Zealot x2  
  147  21:34  Zealot  
  125  21:47  Zealot x5, Pylon  
  125  21:53  Zealot x3  
  141  21:56  High Templar  
  139  22:06  Archon  
Show
View Real Time Build Order
Export as new Build Order

Lambo Zerg 

Build Orders: Hatch First, Muta Ling Bane 

Get SALT Encoding   

  12  0:00  Drone  
  13  0:12  Overlord  
  13  0:16  Drone  
  14  0:30  Drone x2  
  16  0:37  Drone  
  17  0:51  Hatchery  
  17  0:54  Drone  
  17  0:58  Drone  
  18  1:08  Extractor  
  17  1:13  Spawning Pool  
  17  1:16  Drone  
  17  1:20  Drone  
  18  1:28  Drone  
  19  1:38  Drone  
  20  1:51  Overlord  
  20  2:01  Queen  
  20  2:04  Queen, Zergling x2  
  20  2:05  Zergling x2  
  26  2:11  Metabolic Boost  
  26  2:13  Drone  
  26  2:14  Drone  
  28  2:27  Drone  
  28  2:28  Drone  
  30  2:36  Hatchery  
  29  2:38  Drone  
  30  2:47  Zergling x2  
  30  2:48  Drone  
  30  2:49  Overlord  
  32  3:00  Queen  
  32  3:02  Zergling x2  
  32  3:04  Zergling x2  
  36  3:12  Spore Crawler  
  35  3:14  Drone x5  
  41  3:22  Overlord  
  41  3:24  Drone  
  42  3:30  Overlord  
  42  3:33  Spore Crawler  
  41  3:35  Drone  
  41  3:39  Queen  
  43  3:41  Drone, Spore Crawler  
  43  3:45  Drone x2  
  45  3:49  Drone  
  45  3:51  Drone  
  45  3:53  Drone x2  
  49  3:57  Drone  
  49  3:59  Drone  
  49  4:01  Drone  
  52  4:05  Drone  
  52  4:08  Spore Crawler  
  53  4:10  Zergling x2  
  53  4:12  Drone x2  
  53  4:15  Drone x2  
  57  4:19  Drone x3  
  57  4:20  Drone  
  57  4:22  Overlord  
  61  4:25  Drone  
  61  4:29  Drone  
  61  4:31  Queen  
  63  4:34  Drone  
  63  4:38  Drone  
  66  4:41  Lair  
  66  4:42  Drone x2  
  66  4:43  Evolution Chamber  
  67  4:46  Overlord  
  67  4:47  Drone x2  
  67  4:50  Drone  
  70  4:53  Extractor  
  70  4:55  Drone x2  
  70  4:57  Roach Warren  
  70  4:58  Drone x2  
  70  4:59  Drone  
  73  5:00  Drone  
  73  5:04  Extractor  
  73  5:10  Drone x4  
  74  5:18  Drone  
  74  5:23  Overlord  
  74  5:25  Overlord x2  
  74  5:26  Extractor, Overlord  
  73  5:29  Overlord  
  73  5:31  Zerg Melee Weapons Level 1  
  73  5:32  Extractor x2  
  73  5:33  Hatchery  
  73  5:34  Drone x4  
  74  5:37  Overlord  
  74  5:40  Queen  
  74  5:42  Drone x2  
  78  5:46  Spire  
  78  5:49  Drone x2  
  79  5:53  Drone x3  
  79  5:54  Drone x2  
  79  5:56  Drone x2  
  84  5:57  Drone  
  85  6:05  Baneling Nest  
  85  6:06  Glial Reconstitution  
  85  6:09  Overlord  
  84  6:12  Overlord  
  84  6:14  Drone x5, Unknown  
  84  6:16  Drone x2  
  90  6:19  Queen  
  90  6:21  Overlord  
  90  6:24  Overlord  
  92  6:28  Roach x2  
  92  6:29  Roach  
  92  6:30  Overseer  
  92  6:32  Roach x2  
  102  6:34  Overlord  
  102  6:37  Overlord  
  100  6:44  Drone x2  
  101  6:49  Roach x4  
  101  6:51  Overlord  
  109  6:55  Overlord  
  109  6:58  Burrow  
  109  7:00  Mutalisk x3  
  113  7:04  Mutalisk x2  
  113  7:06  Mutalisk  
  119  7:09  Zerg Flyer Weapons Level 1  
  119  7:10  Mutalisk  
  121  7:17  Mutalisk  
  121  7:22  Mutalisk  
  118  7:29  Mutalisk  
  122  7:30  Zergling x26  
  137  7:37  Roach x4  
  137  7:44  Centrifical Hooks  
  143  7:50  Drone x7  
  150  7:54  Zerg Melee Weapons Level 2  
  150  7:55  Drone x4  
  150  7:57  Spore Crawler  
  153  8:04  Mutalisk x3  
  159  8:10  Drone x4  
  161  8:14  Overlord  
  161  8:16  Evolution Chamber  
  161  8:17  Overlord  
  161  8:18  Infestation Pit  
  159  8:22  Overlord  
  159  8:23  Hatchery  
  159  8:25  Overlord  
  158  8:29  Overlord  
  158  8:31  Overlord  
  158  8:33  Mutalisk x2  
  162  8:39  Mutalisk x4  
  170  8:46  Mutalisk x3  
  170  8:48  Zergling x6  
  179  8:56  Zergling x16  
  179  8:59  Zergling x8  
  187  9:03  Zergling x6  
  185  9:11  Zergling x16  
  185  9:15  Hive  
  185  9:16  Ravager  
  185  9:17  Ravager x5  
  198  9:20  Zergling x2  
  200  9:24  Hydralisk Den  
  200  9:28  Overlord  
  200  9:31  Zerg Missile Weapons Level 1  
  196  9:33  Overlord  
  196  9:38  Baneling x9  
  193  9:39  Overlord  
  193  9:44  Zergling x2  
  193  9:45  Zergling x12  
  200  9:46  Baneling x9  
  196  9:53  Zergling x2  
  196  9:54  Zergling x6  
  196  9:59  Overlord  
  198  10:02  Muscular Augments  
  191  10:16  Zergling x22  
  174  10:38  Hydralisk x3  
  174  10:39  Hydralisk x10  
  200  10:45  Zerg Melee Weapons Level 3  
  200  11:02  Baneling x10  
  200  11:04  Hatchery  
  200  11:09  Pneumatized Carapace  
  199  11:13  Extractor  
  199  11:14  Grooved Spines  
  197  11:24  Hatchery  
  196  11:27  Zerg Missile Weapons Level 2  
  196  11:28  Zerg Flyer Weapons Level 2  
  196  11:35  Hydralisk x2  
  196  11:39  Hydralisk x7  
  185  11:40  Zergling x2  
  185  11:42  Hydralisk x7  
  185  11:43  Zergling x2  
  185  11:44  Hydralisk x2  
  185  11:45  Zergling x2  
  191  11:49  Zergling x24  
  191  11:53  Hydralisk x3  
  200  11:58  Hydralisk  
  200  12:01  Hydralisk x3  
  185  12:03  Zergling x14  
  193  12:11  Hydralisk x3  
  193  12:12  Hydralisk  
  186  12:16  Zergling x6  
  186  12:19  Hydralisk  
  186  12:21  Baneling x7  
  191  12:26  Zergling x8  
  193  12:31  Drone x3  
  193  12:33  Spore Crawler  
  193  12:34  Hydralisk, Zergling x2  
  193  12:35  Zergling x2  
  199  12:39  Adrenal Glands  
  199  12:43  Zergling x8  
  200  12:49  Overlord  
  196  12:52  Overlord  
  196  12:53  Overlord  
  194  12:59  Overlord  
  194  13:01  Hydralisk x7  
  194  13:05  Hydralisk x2  
  199  13:07  Hydralisk x6  
  199  13:09  Hydralisk  
  199  13:12  Hydralisk x2  
  163  13:14  Hydralisk  
  163  13:16  Zergling x4  
  163  13:18  Hydralisk  
  151  13:21  Hydralisk  
  151  13:23  Hydralisk x2  
  151  13:26  Zergling x4  
  154  13:28  Zergling x4  
  154  13:29  Zergling x2  
  154  13:31  Zergling x4  
  154  13:32  Zergling x2  
  160  13:36  Zergling x10  
  165  13:43  Zergling x8  
  164  13:49  Zergling x16  
  164  13:51  Hydralisk  
  164  13:54  Hydralisk  
  163  13:56  Hydralisk  
  163  13:57  Zergling x2  
  163  14:02  Hydralisk x2  
  159  14:05  Zergling x4  
  160  14:10  Zergling x8  
  160  14:14  Hydralisk  
  160  14:15  Zergling x2  
  160  14:16  Drone x2  
  165  14:20  Drone x2  
  167  14:24  Zergling x6  
  167  14:30  Drone x4  
  174  14:35  Lurker Den  
  173  14:42  Drone x6  
  176  14:52  Hydralisk x2  
  171  14:53  Zergling x6  
  171  14:59  Drone, Extractor  
  182  15:00  Drone x4  
  182  15:10  Zergling x16  
  182  15:13  Drone  
  191  15:17  Overlord  
  191  15:21  Zergling x14  
  191  15:24  Overlord  
  183  15:31  Zergling x8  
  172  15:41  Seismic Spines  
  161  15:50  Hydralisk x4  
  161  15:53  Drone x6  
  138  16:09  Drone x4  
  133  16:24  Lurker x16  
  149  16:28  Zergling x4  
  149  16:29  Zergling x2  
  152  16:38  Adaptive Talons, Zergling x12  
  154  16:48  Zergling x14  
  147  16:55  Zergling x10  
  147  17:00  Hydralisk  
  125  17:02  Zergling x2  
  126  17:21  Hydralisk x4  
  133  17:31  Hydralisk  
  135  17:41  Hydralisk x2  
  137  17:50  Overseer  
  134  17:53  Hydralisk  
  134  17:56  Hydralisk x3  
  135  18:00  Overseer  
  135  18:07  Hydralisk x2  
  138  18:17  Hydralisk x2  
  132  18:24  Hydralisk  
  134  18:35  Hydralisk x2  
  134  18:41  Hydralisk  
  128  18:51  Hydralisk  
  122  18:57  Hydralisk  
  124  19:05  Hydralisk x2  
  128  19:16  Hydralisk x2  
  123  19:17  Overseer  
  120  19:28  Viper x2  
  126  19:41  Hydralisk  
  126  19:48  Hatchery  
  125  20:05  Hydralisk  
  125  20:06  Hydralisk x4  
  135  20:12  Zergling x10  
  141  20:26  Hydralisk x2  
  141  20:27  Zergling x14  
  149  20:39  Hydralisk x3  
  155  20:49  Hydralisk x3  
  153  21:06  Lurker x2  
  153  21:07  Lurker  
  153  21:08  Hydralisk x3  
  159  21:22  Hydralisk x3  
  159  21:32  Hydralisk x3  
  139  21:46  Overseer, Hatchery  

Tags
 
Add a new tag
Caveats
  • Supply blocks, unpowered buildings, or Contaminate may cause inaccurate times.
  • Supply counts are checked every 10 seconds.